 Dungeon Crawl Stone Soup version 0.31-a0-180-g519b7de00c (webtiles) character file.

Game seed: 8711433253066635378

2877 qw the Skirmisher (level 9, -8/81 HPs)
             Began as a Naga Hunter on June 19, 2023.
             Was an Initiate of Okawaru.
             Mangled by an orc warrior
             ... wielding a +0 war axe
              (11 damage)
             ... on level 7 of the Dungeon.
             The game lasted 00:02:05 (5077 turns).

qw the Skirmisher (Naga Hunter)                     Turns: 5077, Time: 00:02:06

Health: -8/81      AC:  7    Str: 14    XL:     9   Next: 76%
Magic:  9/9        EV: 10    Int:  9    God:    Okawaru [......]
Gold:   322        SH:  5    Dex: 19    Spells: 8/8 levels left

rFire   . . .        Y - +3 shortbow
rCold   . . .        (shield currently unavailable)
rNeg    . . .        f - +3 leather armour
rPois   +            (no helmet)
rElec   .            (no cloak)
rCorr   +            (no gloves)
SInv    +            (no barding)
Will    +....        k - amulet of reflection
Stlth   ++           d - ring of resist corrosion
HPRegen 0.33/turn    (no ring)
MPRegen 0.11/turn

%: reflection
@: about to teleport, short of breath, very slow
A: AC +3, large, see invisible, deformed body, poison resistance, slowness 2,
spit poison 1, naga tail 1
a: Spit Poison, Renounce Religion


You were on level 7 of the Dungeon.
You worshipped Okawaru.
Okawaru was noncommittal.
You visited 2 branches of the dungeon, and saw 8 of its levels.

You collected 322 gold pieces.


Innate Abilities, Weirdness & Mutations

Your serpentine skin is tough. (AC +3)
You have supernaturally acute eyesight. (SInv)
Armour fits poorly on your strangely shaped body.
Your system is resistant to poisons. (rPois)
You cover ground very slowly.
You can spit poison.
You have a snake-like lower body.


   Skills:
 + Level 5.1 Fighting
 - Level 13.8 Ranged Weapons
 - Level 1.0 Armour
 - Level 3.0 Dodging
 - Level 1.5 Stealth


You had 8 spell levels left.
You didn't know any spells.
Your spell library was empty.

Inventory:

Hand Weapons
 Y - a +3 shortbow (weapon)
Armour
 f - a +3 leather armour (worn)
Jewellery
 d - a ring of resist corrosion (left hand)
 k - an amulet of reflection (around neck)
Scrolls
 l - a scroll of teleportation
 m - 2 scrolls of enchant armour
 o - a scroll of identify
Potions
 b - a potion of mutation
 c - a potion of enlightenment
 g - a potion of ambrosia {unknown}
 h - 6 potions of curing
 i - a potion of degeneration {unknown}
 j - a potion of lignification {unknown}
 n - a potion of cancellation {unknown}
 p - a potion of brilliance {unknown}
 q - a potion of might {unknown}

Dungeon Overview and Level Annotations

Branches:
Dungeon (7/15)             Temple (1/1) D:6

Altars:
Ashenzari
Cheibriados
Dithmenos
Fedhas
Gozag
Hepliaklqana
Makhleb
Nemelex Xobeh
Okawaru
Qazlal
Sif Muna
Trog
Wu Jian
Xom
Yredelemnul
Zin
The Shining One

Annotations:
D:3 2 transporters, qw's ghost, amateur GrFi
D:5 2 transporters, qw's ghost, amateur GrFi
D:6 2 transporters, qw's ghost, novice NaHu


Message History

The orc warrior is poisoned.
You kill the orc warrior!
Okawaru accepts your kill.
Your surroundings suddenly seem different. 4 orcs come into view.
Your Dodging skill increases to level 3!
5070 ||| READING 3 scrolls of teleportation.
As you read the scroll of teleportation, it crumbles to dust.
You feel strangely unstable.
You shoot an arrow. The arrow hits the orc!
The orc shouts!
The orc is almost dead.
The orc shouts! x2
The orc hits you with a +0 flail!
You shoot an arrow. The arrow closely misses the orc.
The arrow hits the orc.
The orc is heavily wounded.
You block the orc's attack.
You shoot an arrow. The arrow hits the orc.
You kill the orc!
Okawaru accepts your kill.
You have got your breath back.
5074 ||| INVOKING Spit Poison.
Aiming: Spit Poison (1% risk of failure)
Press: ? - help, Shift-Dir - straight line, f - orc The splash of poison misses the orc.
Your surroundings suddenly seem different.
Found a leather armour.
The orc wizard gestures wildly while chanting.
The orc wizard flickers and vanishes for a moment.
5075 ||| READING 2 scrolls of teleportation.
As you read the scroll of teleportation, it crumbles to dust.
You feel strangely unstable.
The hound barks!
The orc wizard shouts!
You hear a shout!
You shoot an arrow. The arrow hits the orc warrior!
The orc warrior is moderately wounded.
An orc comes into view. It is wielding a +0 club.
You shoot an arrow. The arrow hits the orc warrior.
The orc warrior is heavily wounded.
The orc warrior hits you with a +0 war axe!
You die...

#############
#####...........####
###.........|........##
#.....<...............#
#....%...).............
#/.....h.)..Yh.........
#......o..o...o........
#.......oo....o@.......
#..........o..).........
#............$......[...
##......................
#...oo.................
...........####
..........## .........##


You could see an orc warrior, an ice beast, a hound, 2 orc wizards and 3 orcs.

Vanquished Creatures
  2 water moccasins
  An orc warrior (D:7)
  An ice beast (D:5)
  A sky beast (D:6)
  3 phantoms (D:5)
  A bullfrog (D:6)
  2 scorpions (D:6)
  3 wights (D:6)
  A howler monkey (D:5)
  A jelly (D:5)
  A hound (D:5)
  2 sleepcaps
  Natasha (D:2)
  An iguana (D:6)
  Ijyb (D:4)
  3 orc wizards (D:5)
  8 gnolls
  5 adders
  A white imp (D:6)
  2 ufetubi
  2 worms
  3 dart slugs
  12 orcs
  5 endoplasms
  6 goblins
  2 hobgoblins
  9 kobolds
  4 quokkas
  5 ball pythons
  5 bats
  A frilled lizard (D:2)
  8 rats
103 creatures vanquished.

Notes
Turn   | Place    | Note
-------+----------+-------------------------------------------
     0 | D:1      | qw the Naga Hunter began the quest for the Orb.
     0 | D:1      | Reached XP level 1. HP: 19/19 MP: 1/1
     0 | D:1      | 0 ||| qw: Version: 0.3-a-7-ge0c9b40
     0 | D:1      | 0 ||| qw: Game counter: 1084
     0 | D:1      | 0 ||| qw: Always use a shield: true
     0 | D:1      | 0 ||| qw: God list: Okawaru
     0 | D:1      | 0 ||| qw: Allow faded altars: false
     0 | D:1      | 0 ||| qw: Do Orc after D:15 true
     0 | D:1      | 0 ||| qw: Do second Lair branch before Depths: true
     0 | D:1      | 0 ||| qw: Lair rune preference: random
     0 | D:1      | 0 ||| qw: Plans: Normal
     0 | D:1      | 0 ||| PLANNING D:1-11
    18 | D:1      | 18 ||| INVOKING Spit Poison.
    62 | D:1      | 62 ||| INVOKING Spit Poison.
    66 | D:1      | 66 ||| INVOKING Spit Poison.
    87 | D:1      | 87 ||| INVOKING Spit Poison.
    92 | D:1      | 92 ||| UPGRADING to ring of resist corrosion.
    93 | D:1      | 93 ||| DROPPING scroll of butterflies.
    95 | D:1      | 95 ||| INVOKING Spit Poison.
    98 | D:1      | 98 ||| INVOKING Spit Poison.
   101 | D:1      | Reached skill level 4 in Ranged Weapons
   101 | D:1      | Reached XP level 2. HP: 24/26 MP: 2/2
   132 | D:1      | 132 ||| INVOKING Spit Poison.
   193 | D:1      | 193 ||| INVOKING Spit Poison.
   230 | D:1      | 230 ||| INVOKING Spit Poison.
   254 | D:1      | 254 ||| INVOKING Spit Poison.
   282 | D:1      | 282 ||| INVOKING Spit Poison.
   308 | D:1      | 308 ||| INVOKING Spit Poison.
   309 | D:1      | Reached XP level 3. HP: 32/32 MP: 3/3
   325 | D:1      | Found a faded altar of an unknown god.
   352 | D:1      | 352 ||| INVOKING Spit Poison.
   391 | D:1      | 391 ||| INVOKING Spit Poison.
   404 | D:1      | 404 ||| INVOKING Spit Poison.
   426 | D:1      | 426 ||| INVOKING Spit Poison.
   446 | D:1      | 446 ||| INVOKING Spit Poison.
   662 | D:1      | 662 ||| INVOKING Spit Poison.
   767 | D:1      | 767 ||| UPGRADING to +1 ring mail of poison resistance.
   777 | D:1      | 777 ||| DROPPING +0 leather armour.
   778 | D:1      | 778 ||| UPGRADING to amulet of reflection.
   783 | D:1      | 783 ||| READING scroll labelled VACLEM KEFYH.
   784 | D:1      | 784 ||| READING scroll labelled KEIRECS QIME.
   785 | D:1      | 785 ||| READING scroll labelled MABOXI XISTRAI.
   940 | D:2      | 940 ||| INVOKING Spit Poison.
  1066 | D:2      | 1066 ||| INVOKING Spit Poison.
  1069 | D:2      | 1069 ||| INVOKING Spit Poison.
  1137 | D:2      | 1137 ||| INVOKING Spit Poison.
  1214 | D:2      | 1214 ||| INVOKING Spit Poison.
  1218 | D:2      | 1218 ||| INVOKING Spit Poison.
  1234 | D:2      | 1234 ||| INVOKING Spit Poison.
  1237 | D:2      | 1237 ||| INVOKING Spit Poison.
  1257 | D:2      | 1257 ||| INVOKING Spit Poison.
  1258 | D:2      | Noticed Natasha
  1261 | D:2      | 1261 ||| INVOKING Spit Poison.
  1265 | D:2      | Killed Natasha
  1266 | D:2      | Reached skill level 5 in Ranged Weapons
  1266 | D:2      | Reached XP level 4. HP: 24/39 MP: 4/4
  1349 | D:2      | 1349 ||| INVOKING Spit Poison.
  1354 | D:2      | 1354 ||| INVOKING Spit Poison.
  1563 | D:2      | 1563 ||| READING scroll labelled ERHAMICSO GALU.
  1568 | D:2      | 1568 ||| READING scroll labelled NENIUM GAJAEMI.
  1569 | D:2      | 1569 ||| READING scroll labelled ESUT UWUMUA.
  1580 | D:3      | 1580 ||| INVOKING Spit Poison.
  1593 | D:3      | 1593 ||| INVOKING Spit Poison.
  1594 | D:3      | 1594 ||| Stepping ~*~*~tactically~*~*~ (outnumbered).
  1597 | D:3      | 1597 ||| INVOKING Spit Poison.
  1603 | D:3      | 1603 ||| INVOKING Spit Poison.
  1604 | D:3      | Reached skill level 3 in Fighting
  1604 | D:3      | Reached XP level 5. HP: 23/49 MP: 5/5
  1607 | D:3      | 1607 ||| INVOKING Spit Poison.
  1609 | D:3      | HP: 10/49 [gnoll/+0 whip (6)]
  1761 | D:3      | Found a glowing silver altar of Zin.
  1793 | D:3      | 1793 ||| INVOKING Spit Poison.
  1798 | D:3      | 1798 ||| INVOKING Spit Poison.
  1815 | D:3      | 1815 ||| INVOKING Spit Poison.
  1841 | D:3      | 1841 ||| INVOKING Spit Poison.
  1877 | D:3      | Noticed qw's ghost (amateur GrFi)
  1880 | D:3      | Found a transporter.
  1888 | D:3      | 1888 ||| INVOKING Spit Poison.
  1894 | D:3      | 1894 ||| INVOKING Spit Poison.
  1915 | D:3      | Found a transporter.
  1945 | D:3      | 1945 ||| INVOKING Spit Poison.
  1963 | D:3      | 1963 ||| INVOKING Spit Poison.
  1964 | D:3      | 1964 ||| INVOKING Spit Poison.
  2301 | D:3      | 2301 ||| READING scroll labelled ZILOPP IKIXUA.
  2302 | D:3      | 2302 ||| DRINKING 2 amethyst potions.
  2303 | D:3      | 2303 ||| DRINKING 2 clear potions.
  2360 | D:4      | 2360 ||| INVOKING Spit Poison.
  2403 | D:4      | 2403 ||| INVOKING Spit Poison.
  2436 | D:4      | 2436 ||| INVOKING Spit Poison.
  2528 | D:4      | Noticed Ijyb
  2531 | D:4      | 2531 ||| INVOKING Spit Poison.
  2536 | D:4      | 2536 ||| INVOKING Spit Poison.
  2540 | D:4      | 2540 ||| INVOKING Spit Poison.
  2540 | D:4      | Killed Ijyb
  2652 | D:4      | 2652 ||| READING scroll of enchant weapon.
  2652 | D:4      | 2652 ||| ENCHANTING +1 shortbow.
  2654 | D:4      | 2654 ||| UPGRADING to +3 ring mail.
  2664 | D:4      | 2664 ||| DROPPING +1 ring mail of poison resistance.
  2665 | D:4      | 2665 ||| READING scroll labelled HUXZYU VUCZA.
  2666 | D:4      | 2666 ||| READING scroll labelled YBERGH HOLEDGHUM.
  2691 | D:5      | Entered Level 5 of the Dungeon
  2761 | D:5      | 2761 ||| INVOKING Spit Poison.
  2766 | D:5      | 2766 ||| INVOKING Spit Poison.
  2772 | D:5      | 2772 ||| INVOKING Spit Poison.
  2777 | D:5      | 2777 ||| INVOKING Spit Poison.
  2778 | D:5      | Reached skill level 6 in Ranged Weapons
  2778 | D:5      | Reached XP level 6. HP: 53/56 MP: 6/6
  2809 | D:5      | 2809 ||| INVOKING Spit Poison.
  2815 | D:5      | 2815 ||| INVOKING Spit Poison.
  2818 | D:5      | 2818 ||| INVOKING Spit Poison.
  2903 | D:5      | Noticed an ice beast
  2911 | D:5      | Killed an ice beast
  3041 | D:5      | Found a transporter.
  3060 | D:5      | Found a stormy altar of Qazlal.
  3063 | D:5      | 3063 ||| INVOKING Spit Poison.
  3076 | D:5      | 3076 ||| INVOKING Spit Poison.
  3078 | D:5      | Reached skill level 1 in Armour
  3078 | D:5      | Noticed a water moccasin
  3082 | D:5      | 3082 ||| INVOKING Spit Poison.
  3091 | D:5      | Reached XP level 7. HP: 43/66 MP: 7/7
  3210 | D:5      | 3210 ||| INVOKING Spit Poison.
  3348 | D:5      | 3348 ||| INVOKING Spit Poison.
  3352 | D:5      | Reached skill level 7 in Ranged Weapons
  3392 | D:5      | Found a snail-covered altar of Cheibriados.
  3435 | D:5      | 3435 ||| READING scroll of enchant weapon.
  3435 | D:5      | 3435 ||| ENCHANTING +2 shortbow.
  3664 | D:5      | Found a transporter.
  3667 | D:5      | Noticed qw's ghost (amateur GrFi)
  3756 | D:5      | 3756 ||| INVOKING Spit Poison.
  3804 | D:5      | 3804 ||| UPGRADING to +3 leather armour.
  3814 | D:5      | 3814 ||| DROPPING +3 ring mail.
  3815 | D:5      | 3815 ||| DROPPING +1 robe of willpower.
  3816 | D:5      | 3816 ||| READING scroll labelled MEXKINN TYHUO.
  3817 | D:5      | 3817 ||| READING scroll labelled JAKHLE FOIKHLAO.
  4065 | D:6      | 4065 ||| INVOKING Spit Poison.
  4068 | D:6      | 4068 ||| INVOKING Spit Poison.
  4071 | D:6      | 4071 ||| INVOKING Spit Poison.
  4072 | D:6      | Reached XP level 8. HP: 60/73 MP: 8/8
  4118 | D:6      | 4118 ||| INVOKING Spit Poison.
  4152 | D:6      | 4152 ||| INVOKING Spit Poison.
  4153 | D:6      | 4153 ||| INVOKING Spit Poison.
  4158 | D:6      | 4158 ||| INVOKING Spit Poison.
  4162 | D:6      | 4162 ||| INVOKING Spit Poison.
  4163 | D:6      | Reached skill level 8 in Ranged Weapons
  4275 | D:6      | Noticed qw's ghost (novice NaHu)
  4276 | D:6      | Found a transporter.
  4278 | D:6      | Noticed a cyclops
  4279 | D:6      | 4279 ||| INVOKING Spit Poison.
  4283 | D:6      | 4283 ||| INVOKING Spit Poison.
  4339 | D:6      | 4339 ||| INVOKING Spit Poison.
  4400 | D:6      | Found a transporter.
  4683 | D:6      | 4683 ||| INVOKING Spit Poison.
  4691 | D:6      | 4691 ||| INVOKING Spit Poison.
  4734 | D:6      | 4734 ||| INVOKING Spit Poison.
  4859 | D:6      | 4859 ||| INVOKING Spit Poison.
  4867 | D:6      | Found a staircase to the Ecumenical Temple.
  4868 | D:6      | 4868 ||| PLANNING TEMPLE
  4868 | D:6      | 4868 ||| READING 4 scrolls of identify.
  4868 | D:6      | 4868 ||| IDENTIFYING coppery potion
  4869 | D:6      | 4869 ||| DRINKING potion of experience.
  4869 | D:6      | Reached skill level 13 in Ranged Weapons
  4869 | D:6      | Reached XP level 9. HP: 80/80 MP: 9/9
  4870 | D:6      | 4870 ||| READING 3 scrolls of identify.
  4870 | D:6      | 4870 ||| IDENTIFYING grey potion
  4871 | D:6      | 4871 ||| READING 2 scrolls of identify.
  4871 | D:6      | 4871 ||| IDENTIFYING golden potion
  4877 | Temple   | Entered the Ecumenical Temple
  4889 | Temple   | 4889 ||| PLANNING OKAWARU WORSHIP
  4974 | Temple   | Became a worshipper of Warmaster Okawaru
  4975 | Temple   | 4975 ||| PLANNING D:1-11
  5049 | D:7      | 5049 ||| INVOKING Spit Poison.
  5056 | D:7      | 5056 ||| INVOKING Spit Poison.
  5064 | D:7      | 5064 ||| INVOKING Spit Poison.
  5066 | D:7      | HP: 17/81 [orc warrior/+0 mace (10)]
  5067 | D:7      | 5067 ||| READING 4 scrolls of teleportation.
  5068 | D:7      | 5068 ||| DRINKING potion of heal wounds.
  5068 | D:7      | HP: 8/81 [hound (1)]
  5069 | D:7      | 5069 ||| INVOKING Spit Poison.
  5070 | D:7      | Reached skill level 3 in Dodging
  5070 | D:7      | 5070 ||| READING 3 scrolls of teleportation.
  5071 | D:7      | HP: 1/81 [orc/+0 flail (8)]
  5074 | D:7      | 5074 ||| INVOKING Spit Poison.
  5075 | D:7      | 5075 ||| READING 2 scrolls of teleportation.
  5077 | D:7      | Mangled by an orc warrior

Levels and vault maps discovered:
D:1:      amcnicky_arrival_wind_blow, layout_loops_ring,
          chequers_ecumenical_altar_island, minmay_surrounded
D:2:      layout_loops_cross, st_stairs_3, uniq_natasha
D:3:      layout_loops_cross, mainiacjoe_overflow_brackets,
          gammafunk_ghost_arena
D:4:      layout_rooms, uniq_ijyb
D:5:      layout_basic, cheibriados_altar_1, lemuel_tele_altar,
          gammafunk_ghost_mausoleum, lemuel_flamethrower_2
D:6:      layout_gridville, minmay_temple_entry_nine_rooms,
          gammafunk_ghost_arena
D:7:      layout_layer_cave, nicolae_ru_path_of_blood
Temple:   compressed_dpeg_circular_temple

Skill      XL: |  1  2  3  4  5  6  7  8  9 |
---------------+----------------------------+-----
Ranged Weapons | 4 5 6 7 13 | 13.8
Fighting       | 3 4 5 |  5.1
Armour         | 1 |  1.0
Dodging        | 2 3 |  3.0
Stealth        | |  1.5

Action                     |  1- 3 |  4- 6 |  7- 9 || total
---------------------------+-------+-------+-------++-------
   Fire: Shortbow          |    64 |    96 |   140 ||   300
Ability: Spit Poison       |    28 |    31 |    22 ||    81
    Use: Scroll            |     3 |     7 |     9 ||    19
         Potion            |       |     2 |     2 ||     4
 Armour: Leather armour    |     1 |       |     9 ||    10
         Ring mail         |     3 |    22 |    10 ||    35
  Dodge: Dodged            |     7 |    24 |    25 ||    56
  Block: Other             |     4 |    12 |    16 ||    32
         Reflection        |       |     1 |     1 ||     2

Table legend:
 A = Non-vault XP
 B = Vault XP
 C = Vault XP percentage of total XP
 D = Non-vault monster count
 E = Vault monster count
 F = Vault count percentage of total count
                 A         B        C        D         E       F
            +---------+---------+-------+---------+---------+-------
      Total |    2174 |      80 |   3.5 |      97 |       6 |   5.8
            +---------+---------+-------+---------+---------+-------
        D:1 |      43 |       4 |   8.5 |      24 |       2 |   7.7
        D:2 |      22 |      40 |  64.5 |      11 |       3 |  21.4
        D:3 |      96 |       0 |   0.0 |      12 |       0 |   0.0
        D:4 |      32 |      36 |  52.9 |       8 |       1 |  11.1
        D:5 |     912 |       0 |   0.0 |      20 |       0 |   0.0
        D:6 |     726 |       0 |   0.0 |      15 |       0 |   0.0
        D:7 |     343 |       0 |   0.0 |       7 |       0 |   0.0
            +---------+---------+-------+---------+---------+-------
